 Dungeon Crawl Stone Soup version 0.21.0-25-ge575cb9 (webtiles) character file.

15 tidbits the Charmwright (level 2, 26/26 HPs)
             Began as a Gnoll Skald on Jan 26, 2018.
             Was a Follower of Uskayaw.
             Quit the game on level 3 of the Dungeon.
             The game lasted 00:01:16 (116 turns).

tidbits the Charmwright (Gnoll Skald)                Turns: 116, Time: 00:01:17

Health: 26/26      AC:  4    Str: 13    XL:     2   Next: 50%
Magic:  0/7        EV: 14    Int: 15    God:    Uskayaw [*.....]
Gold:   0          SH:  0    Dex: 14    Spells: 5/10 levels left

rFire    . . .     SeeInvis .   a - +0 hand axe
rCold    . . .     Gourm    .   (no shield)
rNeg     . . .     Faith    .   b - +0 leather armour
rPois    .         Spirit   .   (no helmet)
rElec    .         Reflect  .   (no cloak)
rCorr    .         Harm     .   (no gloves)
MR       .....                  F - +0 pair of boots
Stlth    +.........             (no amulet)
HPRegen  0.08/turn              (no ring)
MPRegen  0.10/turn              (no ring)

@: infused
A: distributed training, fangs 1, strong nose
a: Stomp, Renounce Religion


You were on level 3 of the Dungeon.
You worshipped Uskayaw.
Uskayaw was noncommittal.
You were not hungry.

You visited 1 branch of the dungeon, and saw 3 of its levels.

Inventory:

Hand Weapons
 a - a +0 hand axe (weapon)
 d - a +0 dagger
Missiles
 f - 31 stones (quivered)
 g - 23 arrows
Armour
 b - a +0 leather armour (worn)
 l - a +4 ring mail
 F - a +0 pair of boots (worn)
Scrolls
 e - a scroll of teleportation {unknown}
 j - a scroll of blinking {unknown}
 k - a scroll of identify {unknown}
Potions
 i - a potion of might {unknown}
Books
 c - a book of Battle

   Spells                             Type                      Level
   a - Infusion                       Charms                       1
   b - Shroud of Golubria             Charms/Translocation         2
   c - Song of Slaying                Charms                       2
   d - Spectral Weapon                Hexes/Charms                 3
   e - Regeneration                   Charms/Necromancy            3
Comestibles
 h - 2 rations


   Skills:
 + Level 4.5 Fighting
 + Level 0.4 Short Blades
 + Level 0.4 Long Blades
 + Level 4.5 Axes
 + Level 0.4 Maces & Flails
 + Level 0.4 Polearms
 + Level 0.4 Staves
 + Level 0.4 Slings
 + Level 0.4 Bows
 + Level 0.4 Crossbows
 + Level 0.4 Throwing
 + Level 2.5 Armour
 + Level 4.5 Dodging
 + Level 0.4 Stealth
 + Level 0.4 Shields
 + Level 0.4 Unarmed Combat
 + Level 4.9 Spellcasting
 + Level 0.2 Conjurations
 + Level 0.2 Hexes
 + Level 5.3 Charms
 + Level 0.2 Summonings
 + Level 0.2 Necromancy
 + Level 0.2 Translocations
 + Level 0.2 Transmutations
 + Level 0.2 Fire Magic
 + Level 0.2 Ice Magic
 + Level 0.2 Air Magic
 + Level 0.2 Earth Magic
 + Level 0.2 Poison Magic
 + Level 0.5 Invocations
 + Level 0.4 Evocations


You had 5 spell levels left.
You knew the following spells:

 Your Spells              Type           Power        Failure   Level  Hunger
g - Shroud of Golubria    Chrm/Tloc      ##........   10%         2    ##.....
i - Infusion              Chrm           ###.         2%          1    None
y - Song of Slaying       Chrm           ###.....     3%          2    ##.....


Dungeon Overview and Level Annotations

Branches:
Dungeon (3/15)

Altars:
Gozag
Trog
Uskayaw


Innate Abilities, Weirdness & Mutations

Your experience applies equally to all skills.
You have very sharp teeth.
Your uncanny sense of smell can sniff out nearby items.


Message History

Confirm with . or Enter, or press ? or * to list all spells.
You begin infusing your attacks with magical energy.
The bat closely misses you.
You hit the bat.
You kill the bat!
Found a scroll labeled TONGA RESAPEIF.
Found a ration.
Found an opulent altar of Gozag.
Found a bloodstained altar of Trog.
Found a ration.
Found a stone staircase leading down.
You see here a scroll labeled TONGA RESAPEIF.
j - a scroll labeled TONGA RESAPEIF
Found a scroll labeled SUAVVA UNABI.
An adder skeleton comes into view.
Found a dagger.
Found 10 stones.
You see here a ration.
h - 2 rations (gained 1)
You hit the adder skeleton!
The adder skeleton is severely damaged.
The adder skeleton bites you but does no damage.
You hit the adder skeleton!
You destroy the adder skeleton!
You have reached level 2!
Memorise Song of Slaying, consuming 2 spell levels and leaving 7?
You start memorising the spell.
You continue memorising. x2
You finish memorising.
Spell assigned to 'y'.
Memorise Shroud of Golubria, consuming 2 spell levels and leaving 5?
You start memorising the spell.
You continue memorising.
Your magical infusion is running out.
You continue memorising.
You finish memorising.
Spell assigned to 'g'.
You see here a scroll labeled SUAVVA UNABI.
k - a scroll labeled SUAVVA UNABI A worm comes into view.
You are no longer magically infusing your attacks.
You see here 10 stones.
f - 31 stones (gained 10)
Found a faded altar of an unknown god.
Casting: Infusion
Confirm with . or Enter, or press ? or * to list all spells.
You begin infusing your attacks with magical energy.
You hit the worm. You bite the worm, but do no damage.
The worm is moderately wounded.
The worm closely misses you.
You hit the worm. You bite the worm, but do no damage.
The worm is moderately wounded.
You barely miss the worm.
The worm is moderately wounded.
The worm misses you.
You hit the worm.
The worm is heavily wounded.
The worm misses you.
A bat comes into view.
You hit the worm.
The worm is heavily wounded.
The bat moves out of view.
You hit the worm.
The worm is almost dead.
The worm bites you.
You barely miss the worm.
The worm is severely wounded.
The worm completely misses you.
You hit the worm but do no damage. You bite the worm, but do no damage.
The worm is severely wounded.
You hit the worm.
You kill the worm!
The bat misses you. The bat barely misses you.
You hit the bat.
The bat is severely wounded.
The bat hits you but does no damage.
A bat comes into view.
The bat hits you but does no damage.
Found a glowing ring mail.
The bat closely misses you. x2
You see here a glowing ring mail.
You hit the bat.
The bat is severely wounded.
The bat closely misses you. The bat barely misses you.
You hit the bat.
You kill the bat!
The bat closely misses you.
You closely miss the bat. The bat hits you but does no damage.
l - a glowing ring mail The bat misses you.
You barely miss the bat. The bat hits you but does no damage.
The bat misses you. The bat completely misses you.
You hit the bat.
The bat is heavily wounded.
The bat barely misses you. The bat hits you. The bat closely misses you.
The bat hits you but does no damage.
There is a faded altar of an unknown god here.
You hit the bat.
You kill the bat!
You cannot tell which god this altar belongs to.
Convert to them anyway?
Uskayaw accepts your prayer! Uskayaw welcomes you!
You can now stomp with the beat.
Are you sure you want to abandon this character and quit the game? (Confirm with "yes".)

########
#......###
#........#
#....8...#
##...8.8..#
#...8†@.8.#
#.#..8.8..#
##.#...8...#
#..#.......#
..###.#####
#.#....#
#####.#.##..#
#........##.#
#........#
..#


There were no monsters in sight!

Vanquished Creatures
  An adder skeleton (D:3)
  A worm (D:3)
  3 bats (D:3)
  A goblin (D:2)
  A hobgoblin (D:2)
  A kobold (D:2)
  A rat (D:2)
9 creatures vanquished.

Notes
Turn   | Place    | Note
-------+----------+-------------------------------------------
     0 | D:1      | tidbits the Gnoll Skald began the quest for the Orb.
     0 | D:1      | Reached XP level 1. HP: 20/20 MP: 6/6
    63 | D:3      | Found an opulent altar of Gozag.
    64 | D:3      | Found a bloodstained altar of Trog.
    76 | D:3      | Reached XP level 2. HP: 26/26 MP: 0/7
    80 | D:3      | Learned a level 2 spell: Song of Slaying
    83 | D:3      | Learned a level 2 spell: Shroud of Golubria
    91 | D:3      | Found a faded altar of an unknown god.
   115 | D:3      | Became a worshipper of Uskayaw the Reveler
   115 | D:3      | Reached * piety under Uskayaw
   116 | D:3      | Quit the game

Action                   || total
-------------------------++-------
Melee: Hand axe          ||    26
       Bite              ||     4
 Cast: Infusion          ||     3
Armor: Leather armour    ||     6
Dodge: Dodged            ||    21

Table legend:
 A = Turns spent in this place as a percentage of turns spent in the entire game.
 B = Non-inter-level travel turns spent in this place as a percentage of non-inter-level travel turns spent in the entire game.
 C = Inter-level travel turns spent in this place as a percentage of turns spent in this place.
 D = Turns resting spent in this place as a percentage of non-inter-level travel turns spent in this place.
 E = Turns spent auto-exploring this place as a percentage of non-inter-level travel turns spent in this place.
 F = Non-inter-level travel turns spent in this place divided by the number of levels of this place that you've seen.
                   A       B       C       D       E      F
               +-------+-------+-------+-------+-------+----------------------
         Total | 100.0 | 100.0 |   0.0 |   0.0 |   0.0 |  38.7
       Dungeon | 100.0 | 100.0 |   0.0 |   0.0 |   0.0 |  38.7
               +-------+-------+-------+-------+-------+----------------------

Table legend:
 A = Kills in this place as a percentage of kills in entire the game.
 B = Kills by you in this place as a percentage of kills by you in the entire game.
 C = Kills by friends in this place as a percentage of kills by friends in the entire game.
 D = Other kills in this place as a percentage of other kills in the entire game.
 E = Experience gained in this place as a percentage of experience gained in the entire game.
 F = Experience gained in this place divided by the number of levels of this place that you have seen.
                   A       B       C       D       E      F
               +-------+-------+-------+-------+-------+----------------------
         Total | 100.0 | 100.0 |   N/A |   N/A | 100.0 |   7.3
       Dungeon | 100.0 | 100.0 |   N/A |   N/A | 100.0 |   7.3
               +-------+-------+-------+-------+-------+----------------------

Vault maps used:
D:1:      dpeg_arrival_ratfight
D:2:      kennysheep_okawaru_gauntlet, uniq_sigmund, uniq_crazy_yiuf_cottage
D:3:      lemuel_coloured_pillars_altar,
          chequers_temple_overflow_statue_of_worship,
          chequers_ecumenical_altar_simple_redux, first_ration,
          minmay_misc_feat_cross
